 Dungeon Crawl Stone Soup version 0.29-a0-275-g389c0b56f3 (webtiles) character file.

Game seed: 4765672605657827765

2 Murumi the Skirmisher (level 1, 0/22 HPs)
             Began as an Ogre Gladiator on Mar 9, 2022.
             Slain by a jackal (3 damage)
             ... on level 1 of the Dungeon.
             The game lasted 00:00:36 (66 turns).

Murumi the Skirmisher (Ogre Gladiator)                Turns: 66, Time: 00:00:36

Health: 0/22       AC:  3    Str: 17    XL:     1   Next: 30%
Magic:  1/1        EV: 10    Int:  9    God:
Gold:   21         SH:  0    Dex: 10    Spells: 0/0 levels left

rFire   . . .      SeeInvis .   a - +0 flail
rCold   . . .      Faith    .   (no shield)
rNeg    . . .      Spirit   .   b - +0 robe
rPois   .          Reflect  .   c - +0 hat
rElec   .          Harm     .   (no cloak)
rCorr   .          Rampage  .   (gloves unavailable)
Will    .....                   (boots unavailable)
Stlth   +.........              (no amulet)
HPRegen 0.07/turn               (no ring)
MPRegen 0.07/turn               (no ring)

@: no status effects
A: large, unfitting armour, tough skin 1
a: no special abilities


You were on level 1 of the Dungeon.
You visited 1 branch of the dungeon, and saw 1 of its levels.

You collected 21 gold pieces.

Inventory:

Hand Weapons
 a - a +0 flail (weapon)
Missiles
 d - 3 throwing nets (quivered)
 e - a large rock
Armour
 b - a +0 robe (worn)
 c - a +0 hat (worn)
Scrolls
 f - a scroll of brand weapon {unknown}


   Skills:
 + Level 2.7 Fighting
 + Level 2.7 Maces & Flails
 + Level 2.0 Throwing
 + Level 2.7 Dodging


You couldn't memorise any spells.
You didn't know any spells.
Your spell library was empty.

Dungeon Overview and Level Annotations

Branches:
Dungeon (1/15)

Altars:


Innate Abilities, Weirdness & Mutations

You are too large for most types of armour.
You have tough skin. (AC +1)


Message History

The jackal barely misses you. The jackal bites you. The rat closely misses you.
The jackal bites you but does no damage.
You closely miss the jackal.
The jackal is heavily wounded.
The jackal splashes around in the water.
The jackal closely misses you.
The rat splashes around in the water.
The jackal barely misses you.
You closely miss the jackal.
The jackal is heavily wounded.
The jackal closely misses you. x2; The rat bites you.
The jackal misses you. The jackal bites you. The rat bites you.
You hit the jackal but do no damage.
The jackal is heavily wounded.
The jackal bites you. The jackal barely misses you.
The jackal bites you but does no damage.
The rat bites you. The jackal bites you.
You sock the jackal!
You kill the jackal!
The jackal splashes around in the water.
The rat bites you but does no damage.
You enter the shallow water.
Moving in this stuff is going to be slow.
The jackal splashes around in the water.
The rat misses you. The jackal bites you.
The jackal splashes around in the water.
The rat bites you but does no damage. The jackal bites you. The rat bites you.
* * * LOW HITPOINT WARNING * * *
The jackal closely misses you.
The jackal splashes around in the water.
You hit the rat.
You kill the rat!
The jackal bites you.
* * * LOW HITPOINT WARNING * * *
You hit the jackal.
The jackal is severely wounded.
The jackal misses you. The jackal closely misses you.
You barely miss the jackal.
The jackal is severely wounded.
The jackal bites you.
You die...

.##≈.≈≈≈≈ #..##.
.>.≈≈≈≈≈≈ +#'#+#
....≈≈≈≈≈ ##..#
....≈≈≈≈##### +#'###
..$≈≈≈≈≈...... ##..#
.....≈≈≈≈.#
#.######'### #.≈≈≈≈.#
...##...#
.#.≈..≈h######.##.###
....≈≈≈≈†@.........#
....≈≈≈≈..........##
..#.≈≈≈≈..........# .
#.≈≈≈≈≈.........#
#..≈≈≈≈#........#
#.≈≈≈..##.......#
##≈≈≈≈.##.......#
#≈≈≈≈≈.##.......#
≈≈≈≈≈≈. #.......#


You could see a jackal.

Vanquished Creatures
  A jackal (D:1)
  A rat (D:1)
2 creatures vanquished.

Notes
Turn   | Place    | Note
-------+----------+-------------------------------------------
     0 | D:1      | Murumi the Ogre Gladiator began the quest for the Orb.
     0 | D:1      | Reached XP level 1. HP: 22/22 MP: 1/1
    66 | D:1      | Slain by a jackal

Illustrated notes

Levels and vault maps discovered:
D:1:      erik_arrival_triangle_large, layout_rooms,
          hellmonk_ecumenical_altar_prayer_group,
          minmay_misc_feat_secret_circle, chequers_serial_rivers_large_a

Action                   || total
-------------------------++-------
Melee: Flail             ||    12
Armor: Robe              ||     5
Dodge: Dodged            ||    17

Table legend: (Time is in decaauts)
 A = Elapsed time spent in this place.
 B = Non-inter-level travel time spent in this place.
 C = Inter-level travel time spent in this place.
 D = Time resting spent in this place.
 E = Time spent auto-exploring this place.
 F = Levels seen in this place.
 G = Mean time per level.
                   A        B        C        D        E       F      G
               +--------+--------+--------+--------+--------+-----+--------+
         Total |     69 |     69 |      0 |      0 |     42 |   1 |   69.0 |
       Dungeon |     69 |     69 |      0 |      0 |     42 |   1 |   69.0 |
               +--------+--------+--------+--------+--------+-----+--------+

Top non-repeatable levels by time:
     D:1: 69 daAuts
